 Dungeon Crawl Stone Soup version 0.23-a0-368-g82e9058 (webtiles) character file.

41325 EvilAliv3 the Fighter (level 13, -2/108 HPs)
             Began as a Demonspawn Wanderer on Oct 22, 2018.
             Killed themself with a badly aimed fireball (4 damage)
             ... on level 5 of the Lair of Beasts on Oct 24, 2018.
             The game lasted 03:28:02 (30171 turns).

EvilAliv3 the Fighter (Demonspawn Wanderer)        Turns: 30171, Time: 03:28:03

Health: -2/108     AC: 17    Str: 20    XL:     13   Next: 79%
Magic:  0/19       EV: 17    Int: 12    God:
Gold:   1336       SH:  0    Dex: 19    Spells: 13/19 levels left

rFire    + + .     SeeInvis .   a - +4 great sword (freeze)
rCold    . . .     Gourm    .   (shield currently unavailable)
rNeg     . . .     Faith    .   K - +1 fire dragon scales
rPois    .         Spirit   +   (helmet restricted)
rElec    .         Reflect  .   O - +0 cloak
rCorr    .         Harm     .   u - +2 pair of gloves
MR       .....                  (no boots)
Stlth    +.........             C - amulet of guardian spirit
HPRegen  0.28/turn              P - +2 ring of strength
MPRegen  0.16/turn              e - +2 ring of strength

@: agile, berserk cooldown, slowed, drained, very slow
A: antennae 2, cold resistance 1, dopey 1, powered by pain 2, freezing cloud
immunity, sturdy frame 2
a: no special abilities


You were on level 5 of the Lair of Beasts.
You were hungry.

You visited 3 branches of the dungeon, and saw 16 of its levels.
You visited the Abyss 1 time.
You also visited: Ice Cave and Volcano.

You collected 1336 gold pieces.

Inventory:

Hand Weapons
 a - a +4 great sword of freezing (weapon)
 b - the +7 Spriggan's Knife {stab, EV+4 Stlth+}
   (You found it in an ice cave)

   It affects your evasion (+4).
   It makes you more stealthy.
 F - a +5 long sword
Missiles
 k - 12 javelins
 o - a tomahawk (quivered)
 A - 4 poisoned tomahawks
 D - 3 needles of frenzy
 E - 13 curare-tipped needles
 I - 41 poisoned needles
Armour
 s - a +1 buckler of protection
 u - a +2 pair of gloves (worn)
 K - +1 fire dragon scales (worn)
 O - a +0 cloak (worn)
Magical Staves
 R - an uncursed staff of summoning
Jewellery
 e - a +2 ring of strength (right hand)
 h - an uncursed ring of stealth {unknown}
 B - an uncursed ring of ice
 C - an amulet of guardian spirit (around neck)
 G - an uncursed ring of ice
 M - an uncursed ring of protection from magic
 P - a +2 ring of strength (left hand)
Wands
 c - a wand of random effects (31)
 n - a wand of digging (14)
 J - a wand of flame (27)
Scrolls
 r - 3 scrolls of enchant weapon
 t - 3 scrolls of identify
 v - 2 scrolls of magic mapping
 w - 8 scrolls of remove curse
 y - a scroll of enchant armour
Potions
 g - 2 potions of might
 i - a potion of mutation
 j - 2 potions of magic {unknown}
 m - 2 potions of berserk rage
 p - a potion of agility
 q - 3 potions of lignification
 z - 4 potions of brilliance
 L - a potion of cancellation
Miscellaneous
 x - a lightning rod (1/4)
 H - a phial of floods (inert)
Comestibles
 f - 30 rations


   Skills:
 + Level 12.1(11.8) Fighting
 * Level 11.5(11.2) Long Blades
 + Level 6.3(6.0) Throwing
 - Level 10.0(9.6) Armour
 - Level 2.6(2.4) Dodging
 - Level 1.7(1.5) Stealth
 + Level 3.5(3.2) Spellcasting
 + Level 3.9(3.6) Conjurations
 + Level 1.7(1.4) Ice Magic
 + Level 2.0(1.7) Air Magic
 + Level 9.3(9.0) Evocations


You had 13 spell levels left.
You knew the following spells:

 Your Spells              Type           Power        Failure   Level  Hunger
a - Freezing Cloud        Conj/Ice/Air   #.........   100%        6    #######

Your spell library contained the following spells:

 Spells                   Type           Power        Failure   Level  Hunger
 Confusing Touch          Hex            #.....       36%         1    #......
 Poisonous Vapours        Pois/Air       #.....       36%         2    ###....
 Conjure Flame            Conj/Fire      #.......     45%         3    ###....
 Mephitic Cloud           Conj/Pois/Air  #.......     45%         3    ###....
 Confuse                  Hex            #.......     73%         3    ###....
 Gell's Gravitas          Tloc           #.........   73%         3    ###....
 Ice Form                 Ice/Tmut       #.......     95%         4    #####..
 Petrify                  Tmut/Erth      #.......     98%         4    #####..
 Metabolic Englaciation   Hex/Ice        #.........   100%        5    ######.
 Yara's Violent Unravell  Hex/Tmut       #.........   100%        5    ######.
 Bolt of Cold             Conj/Ice       #.........   100%        6    #######
 Ozocubu's Refrigeration  Ice            #.........   100%        6    #######
 Simulacrum               Ice/Necr       #.........   100%        6    #######
 Ring of Flames           Chrm/Fire      #.........   100%        7    #######


Dungeon Overview and Level Annotations

Branches:
Dungeon (10/15)            Temple (1/1) D:6            Lair (5/6) D:10
  Swamp (0/4) Lair:3        Snake (0/4) Lair:3
  Slime: Lair:5-6       Orc: D:9-12

Altars:
Ashenzari
Cheibriados
Dithmenos
Elyvilon
Fedhas
Gozag
Hepliaklqana
Kikubaaqudgha
Makhleb
Nemelex Xobeh
Okawaru
Qazlal
Ru
Sif Muna
Trog
Uskayaw
Vehumet
Wu Jian
Xom
Yredelemnul
Zin
The Shining One


Innate Abilities, Weirdness & Mutations

You have a pair of antennae on your head.
Your flesh is cold resistant. (rC+)
You sometimes gain power by taking damage.
You are immune to freezing clouds.
Your movements are less encumbered by armour. (ER -4)
You are dopey. (Int -2)


Message History

Okay, then.
Okay, then.
Evoke which item? (* to show all) (? for menu, Esc to quit)
Aiming: Random Effects
Press: ? - help, Shift-Dir - straight line, f - wyvern
Aim: a wyvern The bolt of poison misses the wyvern.
The wolf closely misses you.
The wyvern bites you but does no damage.
The wolf completely misses you. The wyvern bites you.
* * * LOW HITPOINT WARNING * * *
Evoke which item? (* to show all) (? for menu, Esc to quit)
Aiming: Random Effects
Press: ? - help, Shift-Dir - straight line, f - wolf, p - wyvern
Aim: a wolf The fireball explodes!
The fireball engulfs the wolf.
You kill the wolf!
The fireball engulfs the wyvern.
The wyvern is almost dead.
The fireball engulfs you! You resist.
You die...

.# #P.## ## #..## # #.P.# #
##...###### ###.........####
.#..........##.#
.............#.##
................##
...............#@# ####
...............l†# .#.#
.................####...>.
÷...................#.....
#...............).#.......
÷................###......
................†.#.......
#...............†#†#.......
#................h#≈...[....


You could see a wyvern.

Vanquished Creatures
  A frost giant (IceCv)
  Harold (D:7)
  2 hydras
  A two-headed ogre (Volcano)
  Urug (Lair:5)
  A thrashing horror (Abyss:2)
  A shadow wraith (Abyss:2)
  A deep elf mage (D:7)
  A worldbinder (Abyss:2)
  2 salamanders (Volcano)
  An ice statue (IceCv)
  A centaur zombie (D:10)
  4 black mambas
  2 smoke demons (Abyss:2)
  A gargoyle (D:10)
  6 spiny frogs
  4 komodo dragons
  5 rime drakes
  3 meliai (Lair:4)
  A troll (D:10)
  13 polar bears
  Prince Ribbit (D:6)
  A queen bee (Lair:4)
  3 hippogriffs
  4 dream sheep (Lair:5)
  Grinder (D:6)
  3 raiju (Abyss:2)
  5 blink frogs
  A large abomination (Abyss:2)
  A fire elemental (Abyss:2)
  2 wyverns
  2 fire bats (Volcano)
  37 yaks
  2 basilisks (Lair:2)
  A chaos spawn (Abyss:2)
  Menkaure (D:7)
  6 nagas (Lair:3)
  6 water moccasins
  A hell hound (Volcano)
  8 porcupines
  2 ice beasts
  4 sky beasts
  4 orc warriors
  6 black bears
  4 necrophages
  3 phantoms
  5 ogres
  44 wolves
  5 centaurs
  A big kobold (D:7)
  5 crocodiles
  5 bullfrogs
  A wyvern zombie (D:10)
  26 killer bees
  3 wights (D:7)
  A howler monkey (D:5)
  4 electric eels
  5 crimson imps
  7 hounds
  A bullfrog zombie (D:8)
  2 gnoll shamans
  2 jellies (D:10)
  8 orc priests
  A centaur skeleton (D:8)
  13 orc wizards
  4 bullfrog skeletons
  2 iguanas
  7 hell rats (Lair:5)
  7 worker ants
  4 small abominations (Abyss:2)
  A hound zombie (D:7)
  A hound skeleton (D:6)
  7 gnolls
  15 adders
  5 shadow imps
  An ufetubus (Abyss:2)
  5 oozes
  An adder skeleton (D:4)
  A worm (D:2)
  7 leopard geckos
  39 orcs
  8 bats
  5 giant cockroaches
  10 goblins
  8 hobgoblins
  7 jackals
  12 kobolds
  3 quokkas
  4 ball pythons
  5 frilled lizards
  A jackal zombie (D:6)
  A leopard gecko zombie (D:7)
  22 rats
  A butterfly (D:6)
495 creatures vanquished.

Vanquished Creatures (collateral kills)
  A spiny frog (Lair:1)
  A dream sheep (Lair:5)
  A porcupine (Lair:1)
  4 black bears (Lair:1)
  2 wolves (Lair:5)
9 creatures vanquished.

Vanquished Creatures (others)
  3 polar bears (IceCv)
  A water elemental (Abyss:2)
  4 yaks (IceCv)
  A centaur (Volcano)
  5 wolves (IceCv)
  A bush (Lair:5)
  13 fungi
  11 plants
  2 starspawn tentacles (Abyss:2)
41 creatures vanquished.

Grand Total: 545 creatures vanquished

Notes
Turn   | Place    | Note
-------+----------+-------------------------------------------
     0 | D:1      | EvilAliv3 the Demonspawn Wanderer began the quest for the
                  | Orb.
     0 | D:1      | EvilAliv3 set off with: a +2 dagger, a potion of heal
                  | wounds, a +0 falchion, a potion of curing, a +0 robe, a
                  | ration
     0 | D:1      | Reached XP level 1. HP: 18/18 MP: 1/1
   341 | D:1      | Gained mutation: You sometimes gain a little power by
                  | taking damage. [demonic ancestry]
   341 | D:1      | Reached XP level 2. HP: 21/24 MP: 2/2
   812 | D:1      | Reached skill level 4 in Fighting
  1019 | D:1      | Reached XP level 3. HP: 30/30 MP: 3/3
  1499 | D:2      | Reached skill level 5 in Fighting
  1499 | D:2      | Gained mutation: Your movements are slightly less
                  | encumbered by armour. (ER -2) [demonic ancestry]
  1499 | D:2      | Reached XP level 4. HP: 39/39 MP: 4/4
  2246 | D:3      | Found a deep blue altar of Sif Muna.
  2539 | D:3      | Reached XP level 5. HP: 46/46 MP: 5/5
  2732 | D:3      | Reached skill level 6 in Fighting
  3202 | D:4      | Reached skill level 1 in Armour
  3414 | D:4      | Gained mutation: Your flesh is cold resistant. (rC+)
                  | [demonic ancestry]
  3414 | D:4      | Reached XP level 6. HP: 47/53 MP: 6/6
  3856 | D:4      | Found an ancient bone altar of Kikubaaqudgha.
  3903 | D:4      | Found a snail-covered altar of Cheibriados.
  3931 | D:4      | Gained mutation: Your movements are less encumbered by
                  | armour. (ER -4) [demonic ancestry]
  3931 | D:4      | Reached XP level 7. HP: 45/58 MP: 7/7
  4184 | D:5      | Entered Level 5 of the Dungeon
  4222 | D:5      | Reached skill level 7 in Fighting
  4989 | D:5      | Reached skill level 5 in Armour
  5173 | D:5      | Reached XP level 8. HP: 46/66 MP: 8/8
  5525 | D:6      | Noticed Sigmund
  5576 | D:6      | Noticed Edmund
  6207 | D:5      | Noticed Edmund
  6207 | D:5      | Edmund changed into Edmund the howler monkey
  6214 | D:5      | Killed Edmund the howler monkey
  6231 | D:6      | Noticed Sigmund
  6231 | D:6      | Sigmund changed into Sigmund the killer bee
  6246 | D:6      | Killed Sigmund the killer bee
  6580 | D:6      | Found a staircase to the Ecumenical Temple.
  6599 | Temple   | Entered the Ecumenical Temple
  6885 | D:6      | Reached skill level 8 in Fighting
  7044 | D:6      | Noticed Grinder
  7051 | D:6      | Paralysed by Grinder for 3 turns
  7403 | D:6      | Paralysed by Grinder for 2 turns
  7682 | D:7      | Reached skill level 1 in Evocations
  7821 | D:6      | Paralysed by Grinder for 6 turns
  8240 | D:7      | Noticed Menkaure
  8245 | D:7      | Killed Menkaure
  8503 | D:7      | Noticed a hippogriff
  8592 | D:7      | Gained mutation: You are immune to freezing clouds.
                  | [demonic ancestry]
  8592 | D:7      | Reached XP level 9. HP: 56/75 MP: 8/10
  9071 | D:7      | Noticed a deep elf mage
  9359 | D:7      | Found a glowing silver altar of Zin.
  9359 | D:7      | Noticed Prince Ribbit
  9369 | D:7      | Noticed Harold
  9525 | D:6      | Paralysed by Grinder for 5 turns
  9547 | D:6      | Killed Grinder
  9573 | D:6      | Killed Prince Ribbit
  9859 | D:7      | Killed a deep elf mage
  9859 | D:7      | Reached skill level 9 in Fighting
 10181 | D:7      | Killed Harold
 10181 | D:7      | Gained mutation: You have a pair of small antennae on your
                  | head. [demonic ancestry]
 10181 | D:7      | Reached XP level 10. HP: 41/83 MP: 11/13
 10486 | D:7      | Found a hide-covered altar of Uskayaw.
 10486 | D:7      | Found a hazy altar of Hepliaklqana.
 10486 | D:7      | Found a bloodstained altar of Trog.
 10494 | D:7      | Found a white marble altar of Elyvilon.
 10496 | D:7      | Found a sacrificial altar of Ru.
 10898 | D:8      | Reached skill level 5 in Long Blades
 12228 | D:9      | Reached skill level 5 in Evocations
 13832 | D:9      | Reached skill level 10 in Fighting
 13862 | D:8      | HP: 3/85 [yak (4)]
 14167 | D:10     | Entered Level 10 of the Dungeon
 14598 | D:10     | Found a staircase to the Lair.
 14645 | D:10     | Gained mutation: You sometimes gain power by taking damage.
                  | [demonic ancestry]
 14645 | D:10     | Reached XP level 11. HP: 72/90 MP: 13/15
 17341 | Lair:1   | Entered Level 1 of the Lair of Beasts
 19513 | Lair:2   | Noticed an eight-headed hydra
 19922 | Lair:2   | Noticed Sonja
 20298 | Lair:1   | Upgraded the game from 0.23-a0-358-g98c7a59 to
                  | 0.23-a0-368-g82e9058
 20887 | Lair:3   | Reached XP level 12. HP: 72/99 MP: 13/17
 21183 | Lair:3   | Found a frozen archway.
 21445 | IceCv    | Entered an ice cave
 21450 | IceCv    | Reached skill level 11 in Fighting
 21476 | IceCv    | Reached skill level 10 in Armour
 22794 | IceCv    | Reached skill level 10 in Long Blades
 22965 | IceCv    | Found the +7 Spriggan's Knife {stab, EV+4 Stlth+}
 22978 | IceCv    | Noticed a frost giant
 23009 | IceCv    | Killed a frost giant
 23259 | IceCv    | Reached skill level 5 in Throwing
 23417 | IceCv    | Learned a level 6 spell: Freezing Cloud
 23780 | Lair:3   | Noticed a six-headed hydra
 23797 | Lair:3   | Killed a six-headed hydra
 24356 | Lair:3   | Reached skill level 1 in Conjurations
 24361 | Lair:3   | Reached skill level 1 in Spellcasting
 24675 | Lair:3   | Found a staircase to the Snake Pit.
 24939 | Lair:3   | Found a staircase to the Swamp.
 25368 | Lair:2   | Cast into level 2 of the Abyss (Sonja)
 25648 | Abyss:2  | Gained mutation: You have a pair of antennae on your head.
                  | [demonic ancestry]
 25648 | Abyss:2  | Reached XP level 13. HP: 75/107 MP: 12/19
 25675 | Abyss:2  | Found a corrupted altar of Lugonu.
 25745 | Abyss:2  | Noticed a tentacled starspawn
 25790 | Abyss:2  | Found a corrupted altar of Lugonu.
 25811 | Abyss:2  | Noticed a bone dragon
 25815 | Abyss:2  | Noticed a tentacled starspawn
 25823 | Abyss:2  | Got an ivory falchion
 25893 | Abyss:2  | HP: 5/107 [raiju/living lightning (8)]
 25899 | Abyss:2  | Gained mutation: You are dopey. (Int -2) [a neqoxec]
 26095 | Abyss:2  | Noticed a bone dragon
 26097 | Lair:2   | Escaped the Abyss
 26100 | Lair:2   | Noticed Sonja
 26100 | Lair:2   | Sonja changed into Sonja the sky beast
 26107 | Lair:2   | Killed Sonja the sky beast
 27014 | Lair:4   | Found a dark tunnel.
 27162 | Volcano  | Entered a volcano
 29060 | Lair:5   | Noticed Urug
 29466 | Lair:5   | Killed Urug
 29466 | Lair:5   | Reached skill level 12 in Fighting
 29472 | Lair:5   | Reached skill level 1 in Ice Magic
 29472 | Lair:5   | Reached skill level 1 in Air Magic
 29512 | Lair:5   | Identified a scroll of acquirement
 30169 | Lair:5   | HP: 5/108 [wyvern (6)]
 30169 | Lair:5   | HP: 2/108 [wolf (3)]
 30171 | Lair:5   | Killed themself with a badly aimed fireball

Vault maps used:
D:1:      erik_arrival_orb_chamber, minmay_statues_item, serial_bayou_ford_a
D:3:      overflow_temple_1_default
D:4:      lemuel_doored_altar, cheibriados_altar_1
D:5:      first_ration, minmay_checkerbox
D:6:      minmay_temple_entry_butterflies, uniq_edmund, uniq_grinder,
          uniq_sigmund
D:7:      minmay_overflow_temple_hex, corexii_hall_statues_x,
          guppyfry_early_elven_hall, uniq_prince_ribbit1, uniq_menkaure,
          uniq_harold
D:9:      grunt_ogre_cave
D:10:     cheibrodos_iron_armory, erik_lair_island
Temple:   nicolae_temple_figure_eight
Lair:1:   beast_lair_carwin_large_4, serial_rivers,
          chequers_serial_rivers_micro_a, chequers_serial_rivers_room_b,
          chequers_serial_rivers_micro_e, chequers_serial_rivers_small_3,
          chequers_serial_rivers_small_b, chequers_serial_rivers_small_3,
          minivault_26
Lair:2:   lemuel_fruit_tree, uniq_sonja
Lair:3:   minmay_swamp_entry_worms, minmay_snake_entry_guardpost_medium,
          portal_ice_cave_rime
Lair:4:   minmay_lair_oklob_tunnel, special_room,
          nicolae_volcano_entry_two_sided
Lair:5:   slime_altar_1, nicolae_quartered_pool_little,
          grunt_forest_large_clearings, uniq_urug
Abyss:2:  minivault_22
IceCv:    ice_cave_caverns_02
Volcano:  volcano_village

Skill      XL: |  1  2  3  4  5  6  7  8  9 10 11 12 13 |
---------------+----------------------------------------+-----
Fighting       | 4 5 6 7 8 9 10 11 12 | 12.1
Armour         | 1 3 5 7 8 9 10 | 10.0
Evocations     | 2 4 5 7 8 9 |  9.3
Long Blades    | 4 7 9 10 11 | 11.5
Throwing       | 3 5 6 |  6.3
Conjurations   | 1 3 |  3.9
Spellcasting   | 1 3 |  3.5
Ice Magic      | 1 |  1.7
Air Magic      | 2 |  2.0
Dodging        | |  2.6
Stealth        | |  1.7

Action                   |  1- 3 |  4- 6 |  7- 9 | 10-12 | 13-15 || total
-------------------------+-------+-------+-------+-------+-------++-------
Melee: Dagger            |    83 |       |       |       |       ||    83
       Whip              |    80 |   217 |   371 |       |       ||   668
       Hand axe          |       |       |    46 |       |       ||    46
       Long sword        |       |       |    99 |   963 |       ||  1062
       Great sword       |       |       |       |    87 |   243 ||   330
       Knife             |       |       |       |    12 |    15 ||    27
Throw: Tomahawk          |       |       |     6 |    32 |    12 ||    50
       Javelin           |       |       |     1 |    24 |       ||    25
       Throwing net      |       |       |     1 |       |       ||     1
Evoke: Wand              |       |       |     9 |    33 |    17 ||    59
       Lightning rod     |       |       |       |     5 |     8 ||    13
       Phial of floods   |       |       |       |     2 |     2 ||     4
  Use: Scroll            |       |       |     7 |    22 |    10 ||    39
       Potion            |       |       |     4 |     9 |    14 ||    27
 Stab: Held in net/web   |       |       |     1 |       |       ||     1
  Eat: Chunk             |     2 |     8 |    10 |    29 |     2 ||    51
       Ration            |       |       |     3 |     7 |     3 ||    13
Armor: Robe              |     3 |       |       |       |       ||     3
       Chain mail        |    52 |   103 |    43 |       |       ||   198
       Scale mail        |       |       |   169 |   509 |       ||   678
       Fire dragon scale |       |       |       |    23 |   152 ||   175
Dodge: Dodged            |    54 |   100 |   268 |   739 |   299 ||  1460
       Rpst.: Long sword |       |       |     4 |   179 |       ||   183
       Great sword       |       |       |       |    16 |    86 ||   102

Table legend:
 A = Non-vault XP
 B = Vault XP
 C = Vault XP percentage of total XP
 D = Non-vault monster count
 E = Vault monster count
 F = Vault count percentage of total count
                 A         B        C        D         E       F
            +---------+---------+-------+---------+---------+-------
      Total |   31929 |   27108 |  45.9 |     366 |     139 |  27.5
            +---------+---------+-------+---------+---------+-------
        D:1 |      50 |      12 |  19.4 |      30 |      12 |  28.6
        D:2 |      76 |       0 |   0.0 |      24 |       0 |   0.0
        D:3 |     123 |       0 |   0.0 |      17 |       0 |   0.0
        D:4 |     560 |       0 |   0.0 |      20 |       0 |   0.0
        D:5 |     758 |      71 |   8.6 |      25 |       4 |  13.8
        D:6 |     577 |     626 |  52.0 |      20 |       3 |  13.0
        D:7 |    1509 |    1778 |  54.1 |      36 |       3 |   7.7
        D:8 |    1476 |       0 |   0.0 |      24 |       0 |   0.0
        D:9 |    2032 |     122 |   5.7 |      37 |       1 |   2.6
       D:10 |    2537 |    1032 |  28.9 |      27 |       9 |  25.0
     Lair:1 |    3944 |    2930 |  42.6 |      21 |      15 |  41.7
     Lair:2 |    1337 |     132 |   9.0 |       6 |       1 |  14.3
     Lair:3 |    3529 |    1885 |  34.8 |      14 |      11 |  44.0
     Lair:4 |    3276 |    1694 |  34.1 |      17 |      12 |  41.4
     Lair:5 |    5856 |    4136 |  41.4 |      33 |      19 |  36.5
    Abyss:2 |    4289 |     210 |   4.7 |      15 |       1 |   6.2
      IceCv |       0 |    9728 | 100.0 |       0 |      40 | 100.0
    Volcano |       0 |    2752 | 100.0 |       0 |       8 | 100.0
            +---------+---------+-------+---------+---------+-------
